 Dungeon Crawl Stone Soup version 0.25-a0-949-gdd2af9e06e (webtiles) character file.

Game seed: 4979686514886005972, levelgen mode: deterministic

256 Flugslaktarn the Chopper (level 5, 0/47 HPs)
             Began as a Minotaur Fighter on May 8, 2020.
             Slain by a leopard gecko skeleton (3 damage)
             ... on level 4 of the Dungeon.
             The game lasted 00:00:28 (547 turns).

Flugslaktarn the Chopper (Minotaur Fighter)          Turns: 547, Time: 00:00:28

Health: 0/47       AC:  7    Str: 21    XL:     5   Next: 92%
Magic:  4/4        EV:  7    Int:  5    God:
Gold:   20         SH:  9    Dex: 10    Spells: 4/4 levels left

rFire    . . .     SeeInvis .   a - +0 war axe
rCold    . . .     Gourm    .   c - +0 kite shield
rNeg     . . .     Faith    .   b - +0 scale mail
rPois    .         Spirit   .   (helmet restricted)
rElec    .         Reflect  .   (no cloak)
rCorr    .         Harm     .   (no gloves)
MR       .....                  (no boots)
Stlth    ..........             (no amulet)
HPRegen  0.15/turn              (no ring)
MPRegen  0.09/turn              (no ring)

@: no status effects
A: retaliatory headbutt, horns 2
a: no special abilities


You were on level 4 of the Dungeon.
You were not hungry.

You visited 1 branch of the dungeon, and saw 4 of its levels.

You collected 20 gold pieces.

Inventory:

Hand Weapons
 a - a +0 war axe (weapon)
Armour
 b - a +0 scale mail (worn)
 c - a +0 kite shield (worn)
Scrolls
 g - a scroll of identify {unknown}
 i - 2 scrolls of amnesia {unknown}
 j - 2 scrolls of remove curse {unknown}
Potions
 d - a potion of might
 f - a potion of curing {unknown}
Comestibles
 e - a ration
 h - 10 chunks of flesh


   Skills:
 + Level 4.8 Fighting
 * Level 5.1 Axes
 + Level 4.8 Armour
 + Level 4.8 Shields


You had 4 spell levels left.
You didn't know any spells.
Your spell library was empty.

Dungeon Overview and Level Annotations

Branches:
Dungeon (4/15)
 Temple: D:4-7

Altars:
Dithmenos


Innate Abilities, Weirdness & Mutations

You reflexively headbutt those who attack you in melee.
You have a pair of horns on your head.


Message History

A leopard gecko skeleton comes into view.
The ball python bites you but does no damage.
The ball python grabs you. The ball python constricts you.
You closely miss the ball python. You block the ball python's attack.
The ball python constricts you.
You barely miss the ball python. You block the ball python's attack.
The ball python constricts you.
The ball python bites you but does no damage.
The ball python constricts you.
You closely miss the ball python. You block the ball python's attack.
The ball python constricts you. The ball python bites you.
* * * LOW HITPOINT WARNING * * *
The ball python constricts you.
You slash the ball python!
You kill the ball python!
A quokka skeleton comes into view.
You barely miss the crimson imp.
You closely miss the leopard gecko skeleton.
The leopard gecko skeleton bites you.
You die...

.......... ..#..
.................. ....#
.....#........... .....# .
....#.#........## ......
#.
#...............##......
#.#.......#...............
#...........#####$........
#)...)........#.).....#..
.#........Z@5).).......#
.............###....#..#
#.......<.....##########
#..a..........##
...............#
.........##.)##♣
##.##....#.Z... ...
##........... ..
#......≈≈≈...♣


You could see a crimson imp, a leopard gecko skeleton and a quokka skeleton.

Vanquished Creatures
  A scorpion (D:4)
  A howler monkey (D:4)
  2 worker ants (D:4)
  8 gnolls
  An adder (D:2)
  An ooze (D:3)
  A worm (D:3)
  3 orcs
  2 giant cockroaches (D:3)
  A goblin (D:3)
  2 hobgoblins (D:3)
  3 jackals (D:3)
  A kobold (D:3)
  A quokka (D:3)
  A ball python (D:4)
  A frilled lizard (D:4)
  A jackal zombie (D:4)
  A leopard gecko skeleton (D:4)
  2 rats (D:3)
34 creatures vanquished.

Notes
Turn   | Place    | Note
-------+----------+-------------------------------------------
     0 | D:1      | Flugslaktarn the Minotaur Fighter began the quest for the
                  | Orb.
     0 | D:1      | Reached XP level 1. HP: 19/19 MP: 0/0
    93 | D:2      | Reached XP level 2. HP: 20/27 MP: 1/1
   218 | D:3      | Reached skill level 3 in Axes
   342 | D:3      | Reached XP level 3. HP: 23/33 MP: 2/2
   447 | D:3      | Found a shadowy altar of Dithmenos.
   458 | D:3      | Reached XP level 4. HP: 29/40 MP: 3/3
   478 | D:4      | Reached skill level 4 in Axes
   487 | D:4      | Reached XP level 5. HP: 27/47 MP: 4/4
   523 | D:4      | Reached skill level 5 in Axes
   531 | D:4      | HP: 1/47 [worker ant (3)]
   547 | D:4      | Slain by a leopard gecko skeleton

Levels and vault maps discovered:
D:1:      dpeg_arrival_castle, layout_basic
D:2:      layout_rooms, kennysheep_generic_room_13
D:3:      layout_rooms, grunt_dithmenos_smoke
D:4:      layout_cave_pools, bloody_trog, elyvilon_altar_3,
          minmay_temple_entry_large_hall, enter_ossuary_3,
          gup_sewer_entry_glass, uniq_duvessa, uniq_menkaure

Skill      XL: |  1  2  3  4  5 |
---------------+----------------+-----
Axes           | 3 4 5 |  5.1
Fighting       | 4 |  4.8
Armour         | 4 |  4.8
Shields        | 4 |  4.8

Action                   |  1- 3 |  4- 6 || total
-------------------------+-------+-------++-------
Melee: War axe           |    39 |    46 ||    85
       Headbutt          |     6 |    11 ||    17
Armor: Scale mail        |    24 |    18 ||    42
Dodge: Dodged            |     9 |    13 ||    22
Block: Kite shield       |    24 |    24 ||    48

Table legend:
 A = Non-vault XP
 B = Vault XP
 C = Vault XP percentage of total XP
 D = Non-vault monster count
 E = Vault monster count
 F = Vault count percentage of total count
                 A         B        C        D         E       F
            +---------+---------+-------+---------+---------+-------
      Total |     365 |       1 |   0.3 |      33 |       1 |   2.9
            +---------+---------+-------+---------+---------+-------
        D:2 |      13 |       0 |   0.0 |       1 |       0 |   0.0
        D:3 |      94 |       0 |   0.0 |      19 |       0 |   0.0
        D:4 |     258 |       1 |   0.4 |      13 |       1 |   7.1
            +---------+---------+-------+---------+---------+-------
